Map: Blackburn LE

Players

Alpha

  • Race: Terran Terran
  • League: Diamond
  • Spawn Location: 7:00

NerfToss - Winner!

  • Race: Protoss Protoss
  • League: Diamond
  • Spawn Location: 5:00

VOD

Have the link to the VOD?

Description

Time

  • Played on: June 19, 2022, 6:47 p.m.
  • Length: 10:03
Show
View Real Time Build Order
Export as new Build Order

Alpha Terran 

Build Orders: Reaper Expand 

Get SALT Encoding   

  12  0:00  SCV  
  13  0:12  SCV  
  14  0:17  Supply Depot  
  14  0:24  SCV  
  15  0:38  SCV  
  15  0:40  Barracks  
  16  0:45  Refinery  
  16  0:50  SCV  
  17  1:03  SCV  
  18  1:15  SCV  
  19  1:27  Supply Depot  
  19  1:28  Reaper  
  20  1:37  Orbital Command  
  20  1:48  Command Center  
  20  2:04  Marine  
  20  2:05  Factory  
  20  2:06  SCV  
  22  2:15  Refinery  
  22  2:19  SCV  
  22  2:22  Barracks Reactor  
  23  2:31  SCV  
  24  2:43  SCV  
  25  2:55  Factory Tech Lab  
  25  2:56  SCV  
  26  3:03  Barracks  
  26  3:07  Barracks  
  26  3:09  SCV, Orbital Command  
  26  3:11  Marine x2  
  29  3:13  Cyclone  
  32  3:21  SCV  
  32  3:22  Supply Depot  
  33  3:33  SCV  
  34  3:39  SCV  
  35  3:52  Cyclone  
  35  3:53  Barracks Tech Lab  
  35  3:54  Barracks Tech Lab  
  38  3:57  Engineering Bay  
  38  3:58  SCV  
  38  4:00  SCV, Supply Depot  
  38  4:02  Marine x2  
  42  4:21  SCV x2  
  44  4:27  Supply Depot  
  44  4:30  Command Center  
  44  4:31  Marauder  
  44  4:33  SCV x2  
  44  4:36  Terran Infantry Weapons Level 1  
  48  4:41  Combat Shield  
  48  4:44  Stimpack  
  48  4:49  SCV x2  
  52  4:53  Marauder  
  52  4:56  Marauder  
  54  5:02  SCV x2  
  54  5:06  Marine  
  59  5:14  SCV, Marauder  
  59  5:17  Siege Tank, Marauder  
  65  5:26  SCV x2  
  69  5:35  Marauder  
  69  5:38  SCV  
  69  5:42  SCV, Supply Depot, Marauder  
  73  5:43  Refinery  
  73  5:44  Refinery  
  73  5:47  Orbital Command  
  73  5:50  SCV  
  74  5:58  Missile Turret  
  74  5:59  Missile Turret  
  74  6:00  Concussive Shells, Marine  
  74  6:01  Marauder  
  77  6:09  Marine  
  77  6:10  Marauder  
  72  6:34  SCV x2  
  72  6:35  Marauder x2, Marine  
  72  6:36  Siege Tank  
  75  6:40  Starport  
  74  6:52  Orbital Command, SCV x2  
  76  6:55  Marine x2  
  76  6:56  Marauder x2  
  82  7:02  Terran Infantry Armor Level 1  
  82  7:06  Armory  
  83  7:17  Marauder  
  83  7:19  SCV  
  83  7:20  SCV  
  86  7:24  SCV  
  86  7:29  Barracks Reactor  
  87  7:35  Missile Turret  
  87  7:44  Medivac x2  
  87  7:46  Marauder  
  93  7:52  Supply Depot  
  93  7:53  Supply Depot x2  
  93  7:54  Supply Depot  
  93  7:55  Engineering Bay  
  93  7:56  Terran Ship Weapons Level 1  
  93  8:02  Refinery  
  93  8:03  Refinery  
  93  8:05  Command Center  
  93  8:13  SCV x2, Siege Tank, Marauder, Marine  
  93  8:15  SCV  
  93  8:18  Medivac x2  
  93  8:19  Supply Depot  
  106  8:25  SCV  
  107  8:31  Marine  
  108  8:34  Marine  
  108  8:35  Marine x2  
  108  8:36  SCV x2  
  108  8:37  SCV  
  114  8:42  Ghost Academy  
  114  8:45  Barracks  
  114  8:46  Barracks  
  114  8:48  SCV  
  114  8:49  Marauder  
  117  9:00  Marine  
  117  9:01  Siege Tank, Marauder, Marine  
  108  9:02  Viking x2  
  97  9:10  Marine  
  96  9:18  Marine x2  
  96  9:20  Factory  
  96  9:22  Marauder  
Show
View Real Time Build Order
Export as new Build Order

NerfToss Protoss - Winner!

Build Orders: 1 Gate Expand 

Get SALT Encoding   

  12  0:00  Probe  
  13  0:12  Probe  
  14  0:17  Pylon  
  14  0:25  Probe  
  15  0:36  Gateway  
  15  0:38  Probe (Chrono Boost)  
  16  0:45  Assimilator  
  16  0:47  Probe (Chrono Boost)  
  17  0:53  Probe  
  18  1:05  Probe  
  19  1:17  Probe  
  20  1:25  Cybernetics Core  
  20  1:41  Nexus  
  20  1:45  Pylon  
  20  1:46  Probe  
  21  1:58  Probe  
  22  2:01  Assimilator  
  22  2:03  Warp Gate  
  22  2:04  Adept (Chrono Boost)  
  24  2:10  Probe  
  25  2:22  Probe  
  26  2:34  Probe  
  26  2:36  Stalker  
  29  2:46  Probe  
  30  2:52  Robotics Facility  
  30  2:53  Probe  
  31  2:58  Probe  
  31  3:01  Gateway  
  31  3:05  Probe  
  33  3:11  Probe  
  34  3:17  Assimilator, Probe  
  35  3:21  Stalker  
  35  3:23  Probe  
  38  3:29  Probe  
  39  3:35  Probe  
  39  3:41  Probe  
  39  3:42  Observer  
  39  3:47  Probe  
  42  3:49  Robotics Bay  
  42  3:53  Probe  
  43  3:59  Probe  
  44  4:02  Stalker  
  46  4:15  Pylon  
  46  4:30  Pylon  
  46  4:33  Warp Prism (Chrono Boost), Probe x2  
  50  4:39  Gravitic Drive, Twilight Council  
  50  4:44  Forge  
  50  4:45  Probe x2  
  52  4:47  Stalker  
  52  4:52  Stalker  
  56  4:57  Probe x2  
  58  5:01  Assimilator  
  58  5:05  Disruptor (Chrono Boost)  
  61  5:09  Probe  
  61  5:12  Probe  
  62  5:24  Probe  
  62  5:36  Nexus, Pylon  
  62  5:37  Charge  
  62  5:48  Pylon  
  62  5:54  Probe x2  
  64  6:04  Zealot x2  
  64  6:06  Probe x2  
  67  6:25  Probe  
  67  6:26  Probe  
  67  6:29  Zealot x2  
  65  6:43  Probe x2  
  67  6:47  Pylon  
  67  6:48  Pylon  
  65  6:56  Probe x2, Gateway  
  65  6:58  Gateway  
  65  6:59  Gateway  
  67  7:05  Probe (Chrono Boost)  
  68  7:11  Probe x2 (Chrono Boost)  
  71  7:18  Colossus (Chrono Boost)  
  71  7:21  Probe x2 (Chrono Boost)  
  78  7:23  Extended Thermal Lance  
  78  7:25  Protoss Ground Weapons Level 1  
  78  7:27  Zealot x2  
  82  7:35  Probe x2  
  82  7:36  Probe  
  82  7:40  Observer  
  80  7:47  Probe  
  81  7:54  Zealot, Gateway  
  81  7:55  Zealot x4  
  81  7:56  Pylon  
  91  8:01  Shield Battery  
  91  8:03  Shield Battery  
  91  8:06  Colossus (Chrono Boost)  
  97  8:18  Pylon  
  97  8:19  Probe x2  
  99  8:21  Pylon  
  99  8:22  Zealot x5  
  99  8:26  Gateway  
  109  8:36  Probe x3  
  112  8:46  Pylon  
  112  8:47  Assimilator, Pylon  
  112  8:48  Assimilator, Observer  
  112  8:51  Zealot  
  112  8:52  Zealot x5  
  110  9:14  Zealot x4  
  110  9:15  Zealot x2  
  120  9:17  Warp Prism  
  120  9:21  Probe x3  
  122  9:32  Zealot  
  121  9:40  Zealot x4  
  121  9:41  Zealot x2  
  127  9:57  Zealot  
Tags
 
Add a new tag
Caveats
  • Supply blocks, unpowered buildings, or Contaminate may cause inaccurate times.
  • Supply counts are checked every 10 seconds.